 Dungeon Crawl Stone Soup version 0.30-a0-782-ge64f9170bb (webtiles) character file.

Game seed: 1712773167521869491

123 Flugkiller the Slasher (level 5, -1/43 HPs)
             Began as a Merfolk Berserker on Mar 12, 2023.
             Was a Believer of Trog.
             Slain by a howler monkey (5 damage)
             ... on level 3 of the Dungeon.
             The game lasted 00:01:27 (2232 turns).

Flugkiller the Slasher (Merfolk Berserker)          Turns: 2232, Time: 00:01:28

Health: -1/43      AC:  3    Str: 17    XL:     5   Next: 7%
Magic:  5/5        EV: 14    Int:  7    God:    Trog [**....]
Gold:   139        SH:  0    Dex: 15    Spells: 4/4 levels left

rFire   . . .      SeeInvis .    a - +0 falchion
rCold   . . .      Faith    .    (no shield)
rNeg    . . .      Spirit   .    b - +0 animal skin
rPois   .          Reflect  .    (no helmet)
rElec   .          Harm     .    (no cloak)
rCorr   .          Rampage  .    (no gloves)
Will    ++...                    i - +0 pair of boots
Stlth   +                        (no amulet)
HPRegen 1.27/turn                (no ring)
MPRegen 0.09/turn                (no ring)

@: strong-willed, on berserk cooldown, regenerating, slowed, very slow
A: (nimble swimmer 2), mertail
a: Renounce Religion, Berserk, Trog's Hand


You were on level 3 of the Dungeon.
You worshipped Trog.
Trog was pleased with you.
You visited 1 branch of the dungeon, and saw 3 of its levels.

You collected 139 gold pieces.

Inventory:

Hand Weapons
 a - a +0 falchion (weapon)
Armour
 b - a +0 animal skin (worn)
 i - a +0 pair of boots (worn)
   (You found it on level 2 of the Dungeon)
Scrolls
 c - 5 scrolls of identify {unknown}
 d - 3 scrolls of blinking {unknown}
 e - a scroll of enchant armour {unknown}
 j - a scroll of amnesia {unknown}
 k - a scroll of enchant weapon {unknown}
Potions
 f - a potion of haste {unknown}
 g - a potion of ambrosia {unknown}
 h - a potion of heal wounds {unknown}


   Skills:
 + Level 4.4 Fighting
 + Level 4.8 Long Blades
 - Level 1.3 Armour
 + Level 4.4 Dodging


You had 4 spell levels left.
You didn't know any spells.
Your spell library was empty.

Dungeon Overview and Level Annotations

Branches:
Dungeon (3/15) Zot: 15726

Altars:


Innate Abilities, Weirdness & Mutations

((You are very nimble when in or above water. (Stealth+, EV+, Speed+++)))
Your lower body shifts to a powerful aquatic tail in water.


Message History

You closely miss the orc.
The orc is almost dead.
The orc hits you with a +0 short sword.
You see here a bubbling clear potion.
The orc misses you.
A red film seems to cover your vision as you go berserk!
You feel yourself moving faster!
You feel mighty!
You can no longer call upon Trog for regeneration and willpower.
The orc hits you with a +0 club.
You slash the orc!
You kill the orc!
Trog accepts your kill.
You slash the orc wizard!
The orc wizard is almost dead.
The orc wizard gestures at you while chanting.
The puff of flame hits you.
You are too injured to fight recklessly!
You slash the orc wizard!
You kill the orc wizard!
Trog accepts your kill.
Trog appreciates your killing of a magic user.
You can now call upon Trog for regeneration and willpower.
You have reached level 5!
You feel clever.
You slash the orc!
You kill the orc!
Trog accepts your kill.
Items here: ))) [ ††.
An orc comes into view. It is wielding a +0 whip.
You feel a strong urge to attack something.
The orc shouts!
An orc is nearby!
An orc is nearby!
You are too injured to fight recklessly!
You feel your anger nearly subside.
You are no longer berserk.
You are exhausted.
You feel yourself slow down.
You are too injured to fight recklessly!
A hobgoblin comes into view.
The orc barely misses you. The orc hits you with a +0 whip.
You are too injured to fight recklessly!
You are too injured to fight recklessly!
The hobgoblin shouts!
You hit the orc.
The orc is heavily wounded.
The orc hits you but does no damage.
You slash the orc!
You kill the orc!
Trog accepts your kill.
A howler monkey comes into view.
Things that are here:
a +0 whip; an orc corpse The hobgoblin hits you.
The howler monkey howls!
You hit the hobgoblin but do no damage. The hobgoblin hits you.
You hit the hobgoblin but do no damage. The hobgoblin hits you.
The howler monkey hoots and howls with incredible vigour!
The hobgoblin closely misses you.
You hit the hobgoblin.
The hobgoblin is lightly wounded.
The hobgoblin hits you. The hobgoblin barely misses you.
You slash the hobgoblin!
You kill the hobgoblin!
Trog accepts your kill.
A bat comes into view.
The howler monkey hoots and howls with incredible vigour!
The bat moves out of view.
You hit the howler monkey but do no damage.
The howler monkey hits you but does no damage.
The howler monkey hoots and howls with incredible vigour!
You closely miss the howler monkey. The howler monkey misses you.
The howler monkey barely misses you.
You hit the howler monkey but do no damage.
The howler monkey barely misses you.
The howler monkey hoots and howls with incredible vigour!
You hit the howler monkey.
The howler monkey is lightly wounded.
The howler monkey closely misses you. The howler monkey hits you.
You completely miss the howler monkey.
The howler monkey is lightly wounded.
The howler monkey misses you. The howler monkey hits you.
You closely miss the howler monkey.
The howler monkey is lightly wounded.
The howler monkey hits you!
* * * LOW HITPOINT WARNING * * *
The howler monkey hoots and howls with incredible vigour!
You hit the howler monkey but do no damage.
The howler monkey is lightly wounded.
The howler monkey hits you!
* * * LOW HITPOINT WARNING * * *
The howler monkey misses you.
Okay, then.
Okay, then.
Your skin crawls.
You feel strong-willed. The howler monkey misses you.
Unknown command.
The howler monkey attacks as you move away!
The howler monkey closely misses you. The howler monkey hits you.
You die...

#######...#########.##.###.....##
#...# #.##.##.......# #...#
#....##....##.# #...#
#.#####.##..... #...##### #.#
#.##..##. #.... ..#
#.#####.##.#### #...###.#
#..........## #
##.!.....############....##
.:.....)bh@.# #.#...##
#....#.!###.# #.#.#... #..#.#..#
#)# #.#.#... #.......# #.#
#.....## #......## #.# ###..##
##.##### #.# ###.## # # ####.####
#...#### #.......#####.#..##.
#.##................


You could see a howler monkey and a bat.

Vanquished Creatures
  An orc wizard (D:3)
  5 adders
  A worm (D:2)
  4 orcs
  9 ball pythons
  3 endoplasms
  4 goblins
  3 hobgoblins
  3 jackals (D:2)
  A quokka (D:2)
  8 bats
  3 frilled lizards
  5 rats
50 creatures vanquished.

Notes
Turn   | Place    | Note
-------+----------+-------------------------------------------
     0 | D:1      | Flugkiller the Merfolk Berserker began the quest for the
                  | Orb.
     0 | D:1      | Reached XP level 1. HP: 18/18 MP: 1/1
   217 | D:1      | Reached XP level 2. HP: 21/24 MP: 2/2
  1176 | D:2      | Reached XP level 3. HP: 20/30 MP: 3/3
  1351 | D:2      | Reached XP level 4. HP: 37/37 MP: 4/4
  2120 | D:3      | Reached ** piety under Trog
  2209 | D:3      | Reached XP level 5. HP: 37/43 MP: 5/5
  2230 | D:3      | HP: 1/43 [howler monkey (7)]
  2232 | D:3      | Slain by a howler monkey

Illustrated notes

Levels and vault maps discovered:
D:1:      dpeg_arrival_short_road, layout_basic
D:2:      layout_basic
D:3:      cheibrodos_helix_gallery, layout_loops_cross,
          mainiacjoe_overflow_tiny_flanked, palyth_stone_intersect

Skill      XL: |  1  2  3  4 |
---------------+-------------+-----
Dodging        | 3 4 |  4.4
Long Blades    | 4 |  4.8
Fighting       | 4 |  4.4
Armour         | |  1.3

Action                     |  1- 3 |  4- 6 || total
---------------------------+-------+-------++-------
  Melee: Falchion          |   100 |    70 ||   170
 Invoke: Berserk           |     2 |     1 ||     3
         Trog's Hand       |       |     1 ||     1
   Stab: Sleeping          |     2 |     1 ||     3
 Armour: Animal skin       |    22 |    18 ||    40
  Dodge: Dodged            |    77 |    47 ||   124

Table legend: (Time is in decaauts)
 A = Elapsed time spent in this place.
 B = Non-inter-level travel time spent in this place.
 C = Inter-level travel time spent in this place.
 D = Time resting spent in this place.
 E = Time spent auto-exploring this place.
 F = Levels seen in this place.
 G = Mean time per level.
                   A        B        C        D        E       F      G
               +--------+--------+--------+--------+--------+-----+--------+
         Total |   2272 |   2235 |     37 |    144 |   1672 |   3 |  757.3 |
       Dungeon |   2272 |   2235 |     37 |    144 |   1672 |   3 |  757.3 |
               +--------+--------+--------+--------+--------+-----+--------+

Top non-repeatable levels by time:
     D:2: 1026 daAuts
     D:1: 861 daAuts
     D:3: 384 daAuts
